Map: Lerilak Crest

Players

LilDicky

  • Race: Terran Terran
  • League: Diamond

DeepOcean - Winner!

  • Race: Protoss Protoss
  • League: Gold

VOD

http://www.twitch.tv/tumescentpie

Description

Time

  • Played on: Nov. 26, 2015, 11:01 p.m.
  • Length: 6:17
Show
View Real Time Build Order
Export as new Build Order

LilDicky Terran 

Build Orders: Banshee Rush 

Get SALT Encoding   

  12  0:01  SCV  
  13  0:13  SCV  
  14  0:18  Supply Depot  
  14  0:25  SCV  
  15  0:31  Refinery  
  15  0:39  SCV  
  16  0:45  Barracks  
  16  0:51  SCV  
  17  1:04  SCV  
  18  1:16  SCV  
  20  1:33  Supply Depot  
  20  1:36  Marine, Orbital Command  
  20  1:54  Marine  
  20  2:00  Command Center  
  21  2:03  Factory  
  21  2:08  SCV  
  22  2:13  Marine  
  23  2:20  SCV  
  24  2:32  SCV  
  25  2:38  Marine  
  26  2:44  SCV  
  26  2:46  Refinery  
  26  2:50  Factory Tech Lab  
  27  2:52  Starport  
  27  2:56  SCV  
  28  3:00  Refinery  
  28  3:05  Marine  
  28  3:10  SCV  
  30  3:13  Orbital Command  
  30  3:20  Bunker  
  30  3:22  SCV  
  30  3:23  Marine  
  32  3:31  Widow Mine  
  33  3:34  SCV  
  33  3:40  SCV, Engineering Bay  
  33  3:41  Marine  
  35  3:42  Banshee  
  35  3:45  Cloaking Field  
  35  3:48  SCV  
  40  3:54  SCV  
  41  3:57  Refinery  
  41  4:00  Factory Tech Lab  
  41  4:01  SCV  
  42  4:11  SCV  
  42  4:13  SCV  
  44  4:20  Supply Depot, Missile Turret  
  44  4:23  SCV  
  45  4:25  SCV  
  46  4:40  Supply Depot x2  
  46  4:41  Banshee  
  46  4:42  SCV x2, Siege Tank  
  54  4:56  Supply Depot  
  54  4:57  Supply Depot  
  54  4:59  Hi-Sec Auto Tracking  
  54  5:01  SCV x2  
  56  5:13  SCV x2  
  58  5:25  SCV x2  
  60  5:53  SCV x2  
  60  5:54  Marine  
  63  5:59  Command Center  
Show
View Real Time Build Order
Export as new Build Order

DeepOcean Protoss - Winner!

Build Orders: 1 Gate Expand 

Get SALT Encoding   

  12  0:00  Probe (Chrono Boost)  
  13  0:11  Probe (Chrono Boost)  
  14  0:19  Pylon  
  14  0:22  Probe (Chrono Boost)  
  15  0:37  Gateway  
  15  0:38  Probe (Chrono Boost)  
  16  0:45  Assimilator  
  16  0:48  Probe (Chrono Boost)  
  17  0:59  Probe (Chrono Boost)  
  18  1:15  Probe (Chrono Boost)  
  19  1:22  Nexus  
  19  1:33  Cybernetics Core  
  19  1:39  Probe (Chrono Boost)  
  20  1:42  Assimilator  
  20  1:51  Probe (Chrono Boost), Pylon  
  21  2:01  Probe (Chrono Boost)  
  22  2:08  Adept (Chrono Boost)  
  22  2:14  Mothership Core (Chrono Boost)  
  26  2:16  Warp Gate (Chrono Boost)  
  26  2:33  Probe (Chrono Boost)  
  26  2:34  Adept (Chrono Boost)  
  29  2:39  Probe (Chrono Boost)  
  29  2:43  Probe (Chrono Boost)  
  31  2:50  Probe  
  31  2:54  Probe  
  33  3:00  Pylon  
  33  3:06  Probe x2  
  35  3:20  Robotics Facility  
  35  3:27  Probe  
  35  3:28  Probe, Gateway  
  35  3:31  Gateway  
  37  3:38  Probe  
  37  3:39  Probe  
  39  3:48  Gateway  
  39  3:49  Probe  
  39  3:53  Gateway  
  39  3:55  Probe  
  41  4:11  Adept  
  41  4:12  Warp Prism (Chrono Boost)  
  41  4:16  Gateway, Probe  
  45  4:18  Probe  
  47  4:27  Probe  
  47  4:30  Probe  
  49  4:37  Probe  
  49  4:40  Pylon  
  49  4:42  Probe, Pylon  
  51  4:56  Adept  
  53  5:06  Gateway  
  53  5:07  Gateway  
  51  5:15  Observer (Chrono Boost)  
  47  5:29  Probe  
  47  5:30  Stalker x2  
  47  5:31  Probe  
  51  5:41  Probe  
  49  5:43  Probe  
  50  5:51  Probe  
  50  5:55  Probe  
  51  6:02  Probe  
  51  6:15  Adept x6  
  51  6:16  Adept x2  
Tags
 
Add a new tag
Caveats
  • Supply blocks, unpowered buildings, or Contaminate may cause inaccurate times.
  • Supply counts are checked every 10 seconds.